[ AOE2 MATCH · #465738261 ]
Team RMSpanish vs Turks
[ REPLAY ANALYSIS · EXTRACTED FROM THE RECORDED GAME ]
Feudal
10:03
Castle
15:50
Imperial
36:46
| APM avg | 22.0 |
| APM peak | 56 |
| eAPM avg | 16.6 |
| Villagers / military | 133 / 165 |
Focus
⚔️ 33.5% · 🌾 66.5%
Knight ×90 · Militia ×65 · Battering Ram ×9 · Monk ×1
Feudal
14:11
Castle
22:16
Imperial
39:48
| APM avg | 20.0 |
| APM peak | 66 |
| eAPM avg | 12.1 |
| Villagers / military | 96 / 236 |
Focus
⚔️ 33.9% · 🌾 66.1%
Archer ×126 · Spearman ×76 · Scout Cavalry ×34 · Trade Cart ×8
Feudal
10:16
Castle
17:15
Imperial
36:37
| APM avg | 29.7 |
| APM peak | 79 |
| eAPM avg | 14.7 |
| Villagers / military | 82 / 99 |
Focus
⚔️ 41.1% · 🌾 58.9%
Skirmisher ×67 · Unknown (1920) ×59 · Cavalry Archer ×23 · Battering Ram ×5 · Petard ×2 · Monk ×1
Feudal
—
Castle
—
Imperial
—
| APM avg | 14.3 |
| APM peak | 40 |
| eAPM avg | 9.7 |
| Villagers / military | 48 / 65 |
Focus
⚔️ 33.2% · 🌾 66.8%
Bombard Cannon ×23 · Janissary ×19 · Trebuchet (Packed) ×9 · Mangonel ×5 · Camel Scout ×3 · Militia ×2
Match map
Initial resources + every placement click. Lines = walls · curves = elevation contours. ◆ gold · ⬟ stone · ● berries · ✦ relic · ◌ wall gap
Inputs per minute
— !*BlitzKrieg*! - - Fatal Error
Build order — !*BlitzKrieg*!
First 150 of 477 actions detected
| 0:01 | Create | Villager (Male) |
| 0:02 | Create | Villager (Male) |
| 0:03 | Build | House |
| 0:04 | Build | House |
| 0:26 | Build | House |
| 0:43 | Create | Villager (Male) |
| 0:47 | Create | Villager (Male) |
| 1:28 | Create | Villager (Male) |
| 1:48 | Create | Villager (Male) |
| 2:18 | Create | Villager (Male) |
| 2:47 | Create | Villager (Male) |
| 2:51 | Create | Villager (Male) |
| 3:35 | Create | Villager (Male) |
| 3:36 | Create | Villager (Male) |
| 3:36 | Create | Villager (Male) |
| 3:50 | Create | Villager (Male) |
| 4:35 | Create | Villager (Male) |
| 4:35 | Create | Villager (Male) |
| 5:10 | Research | Loom |
| 5:48 | Create | Villager (Male) |
| 5:53 | Build | Mill |
| 6:12 | Create | Villager (Male) |
| 6:51 | Create | Villager (Male) |
| 7:25 | Build | Lumber Camp |
| 7:44 | Create | Villager (Male) |
| 7:46 | Create | Villager (Male) |
| 7:51 | Research | Feudal Age |
| 8:20 | Build | House |
| 8:36 | Build | House |
| 9:18 | Build | House |
| 9:19 | Build | House |
| 9:48 | Create | Villager (Male) |
| 10:03 | Age | Feudal Age |
| 10:16 | Build | Blacksmith |
| 10:24 | Build | Mining Camp |
| 10:34 | Build | Mining Camp |
| 10:38 | Create | Villager (Male) |
| 11:07 | Create | Villager (Male) |
| 12:03 | Build | Market |
| 13:10 | Research | Castle Age |
| 13:18 | Build | House |
| 13:20 | Build | House |
| 13:29 | Build | Mining Camp |
| 15:50 | Age | Castle Age |
| 15:59 | Build | Town Center |
| 16:20 | Build | Town Center |
| 16:35 | Create | Villager (Male) |
| 16:35 | Create | Villager (Male) |
| 16:40 | Create | Villager (Male) |
| 17:06 | Create | Villager (Male) |
| 17:08 | Create | Villager (Male) |
| 17:09 | Create | Villager (Male) |
| 17:15 | Create | Villager (Male) |
| 17:33 | Build | Farm |
| 17:47 | Build | Farm |
| 18:14 | Build | Farm |
| 18:16 | Build | Farm |
| 18:19 | Build | Farm |
| 18:59 | Build | Farm |
| 19:02 | Build | Farm |
| 19:08 | Build | Farm |
| 19:10 | Create | Villager (Male) |
| 19:27 | Build | Farm |
| 19:28 | Create | Villager (Male) |
| 19:40 | Build | Castle |
| 20:12 | Research | Double-Bit Axe |
| 20:25 | Research | Horse Collar |
| 20:35 | Create | Villager (Male) |
| 20:35 | Create | Villager (Male) |
| 20:36 | Create | Villager (Male) |
| 20:36 | Create | Villager (Male) |
| 20:36 | Create | Villager (Male) |
| 20:36 | Create | Villager (Male) |
| 21:24 | Create | Villager (Male) |
| 21:25 | Create | Villager (Male) |
| 21:25 | Create | Villager (Male) |
| 21:40 | Research | Heavy Plow |
| 22:15 | Create | Villager (Male) |
| 22:16 | Create | Villager (Male) |
| 22:16 | Create | Villager (Male) |
| 22:16 | Create | Villager (Male) |
| 22:16 | Create | Villager (Male) |
| 22:16 | Create | Villager (Male) |
| 22:32 | Create | Villager (Male) |
| 22:52 | Create | Villager (Male) |
| 22:52 | Create | Villager (Male) |
| 22:54 | Build | Farm |
| 23:01 | Build | Farm |
| 23:02 | Build | Farm |
| 23:07 | Build | Farm |
| 23:12 | Build | Farm |
| 23:18 | Build | Farm |
| 23:20 | Build | Farm |
| 23:25 | Build | Farm |
| 23:28 | Build | Farm |
| 23:33 | Build | Farm |
| 23:36 | Build | Farm |
| 23:39 | Build | Farm |
| 23:44 | Build | Farm |
| 23:47 | Research | Wheelbarrow |
| 23:48 | Create | Villager (Male) |
| 23:58 | Create | Villager (Male) |
| 23:58 | Create | Villager (Male) |
| 24:12 | Build | Farm |
| 24:17 | Build | Farm |
| 24:19 | Build | Farm |
| 24:22 | Create | Villager (Male) |
| 24:23 | Create | Villager (Male) |
| 24:23 | Create | Villager (Male) |
| 24:23 | Create | Villager (Male) |
| 24:31 | Build | Farm |
| 24:32 | Build | Farm |
| 24:40 | Create | Villager (Male) |
| 24:42 | Create | Villager (Male) |
| 24:55 | Research | Bow Saw |
| 24:55 | Research | Bow Saw |
| 25:53 | Research | Hand Cart |
| 25:53 | Create | Villager (Male) |
| 25:54 | Create | Villager (Male) |
| 25:54 | Create | Villager (Male) |
| 25:58 | Create | Villager (Male) |
| 26:08 | Build | Lumber Camp |
| 26:14 | Create | Villager (Male) |
| 26:18 | Create | Villager (Male) |
| 26:21 | Create | Villager (Male) |
| 26:22 | Create | Villager (Male) |
| 26:28 | Build | Farm |
| 26:35 | Create | Villager (Male) |
| 26:39 | Create | Villager (Male) |
| 26:40 | Create | Villager (Male) |
| 26:41 | Create | Villager (Male) |
| 26:44 | Create | Villager (Male) |
| 26:46 | Create | Villager (Male) |
| 27:04 | Create | Villager (Male) |
| 27:08 | Create | Villager (Male) |
| 27:26 | Build | Town Center |
| 27:39 | Build | Town Center |
| 27:45 | Build | Town Center |
| 27:52 | Create | Villager (Male) |
| 27:55 | Create | Villager (Male) |
| 28:10 | Create | Villager (Male) |
| 28:14 | Create | Villager (Male) |
| 28:15 | Create | Villager (Male) |
| 28:16 | Create | Villager (Male) |
| 28:18 | Create | Villager (Male) |
| 28:23 | Build | Mining Camp |
| 28:40 | Build | Barracks |
| 28:41 | Build | Barracks |
| 28:46 | Build | Barracks |
| 28:57 | Research | Forging |
Build order — Fatal Error
First 150 of 334 actions detected
| 0:06 | Create | Villager (Male) |
| 0:07 | Create | Villager (Male) ×3 |
| 0:09 | Build | House |
| 0:10 | Build | House |
| 1:39 | Create | Villager (Male) |
| 1:50 | Build | Lumber Camp |
| 2:06 | Create | Villager (Male) |
| 2:15 | Build | House |
| 2:29 | Create | Villager (Male) |
| 2:55 | Create | Villager (Male) |
| 3:14 | Create | Villager (Male) |
| 3:31 | Build | House |
| 3:44 | Create | Villager (Male) |
| 4:04 | Create | Villager (Male) |
| 4:28 | Build | House |
| 4:44 | Create | Villager (Male) |
| 4:52 | Build | House |
| 5:13 | Create | Villager (Male) |
| 5:23 | Create | Villager (Male) |
| 5:48 | Create | Villager (Male) |
| 6:14 | Build | Mill |
| 6:24 | Create | Villager (Male) |
| 6:34 | Build | House |
| 6:43 | Create | Villager (Male) |
| 6:56 | Build | Barracks |
| 7:05 | Create | Villager (Male) |
| 7:22 | Build | Farm |
| 7:32 | Build | Farm |
| 7:44 | Create | Villager (Male) |
| 7:47 | Build | Farm |
| 8:04 | Create | Villager (Male) |
| 8:23 | Build | Farm |
| 8:29 | Create | Villager (Male) |
| 8:51 | Create | Villager (Male) |
| 9:05 | Create | Villager (Male) |
| 9:26 | Create | Villager (Male) |
| 9:45 | Build | Farm |
| 10:05 | Build | Farm |
| 10:06 | Build | Farm |
| 10:07 | Build | Farm |
| 10:08 | Build | Farm |
| 10:09 | Build | Farm |
| 10:12 | Build | Farm |
| 10:14 | Build | Farm |
| 10:17 | Create | Villager (Male) |
| 10:31 | Build | Farm |
| 10:38 | Build | Farm |
| 10:43 | Create | Villager (Male) |
| 10:54 | Build | House |
| 11:01 | Create | Villager (Male) |
| 11:13 | Build | Farm |
| 11:25 | Build | House |
| 11:27 | Build | Farm |
| 11:36 | Create | Villager (Male) |
| 11:46 | Research | Feudal Age |
| 13:31 | Create | Villager (Male) |
| 13:32 | Create | Villager (Male) |
| 14:11 | Age | Feudal Age |
| 14:15 | Research | Wheelbarrow |
| 14:17 | Research | Double-Bit Axe |
| 14:19 | Research | Horse Collar |
| 14:27 | Build | Market |
| 14:44 | Build | Blacksmith |
| 14:46 | Build | House |
| 14:47 | Build | House |
| 14:49 | Build | House |
| 14:50 | Build | House |
| 14:51 | Build | House |
| 15:05 | Build | Mining Camp |
| 15:16 | Create | Villager (Male) |
| 15:16 | Create | Villager (Male) |
| 15:17 | Research | Loom |
| 15:17 | Create | Villager (Male) |
| 15:17 | Create | Villager (Male) |
| 15:18 | Research | Town Watch |
| 15:18 | Create | Villager (Male) |
| 15:19 | Create | Villager (Male) |
| 16:10 | Build | Archery Range |
| 17:19 | Build | Outpost |
| 17:57 | Build | Stable |
| 18:07 | Build | House |
| 18:09 | Build | House |
| 18:10 | Build | House |
| 18:13 | Build | House |
| 18:17 | Build | Stone Wall |
| 18:51 | Research | Castle Age |
| 19:07 | Build | Lumber Camp |
| 19:10 | Build | Lumber Camp |
| 19:50 | Create | Scout Cavalry |
| 19:54 | Create | Scout Cavalry |
| 19:56 | Create | Scout Cavalry |
| 19:56 | Create | Scout Cavalry |
| 19:57 | Create | Scout Cavalry |
| 20:21 | Build | Stable |
| 20:42 | Build | Outpost |
| 21:13 | Create | Scout Cavalry |
| 21:13 | Create | Scout Cavalry |
| 21:18 | Create | Scout Cavalry ×5 |
| 21:22 | Research | Forging |
| 21:23 | Research | Fletching |
| 21:24 | Research | Scale Barding Armor |
| 21:28 | Research | Gold Mining |
| 21:56 | Create | Trade Cart |
| 22:16 | Age | Castle Age |
| 22:16 | Create | Scout Cavalry |
| 22:49 | Build | Town Center |
| 23:06 | Build | Town Center |
| 23:11 | Build | Town Center |
| 23:52 | Create | Villager (Male) |
| 23:53 | Create | Villager (Male) |
| 23:53 | Create | Villager (Male) |
| 23:54 | Create | Villager (Male) |
| 24:06 | Build | Archery Range |
| 24:13 | Create | Scout Cavalry |
| 24:13 | Create | Scout Cavalry |
| 24:26 | Build | Outpost |
| 24:56 | Build | Farm |
| 24:56 | Build | Farm |
| 25:00 | Create | Villager (Male) |
| 25:01 | Research | Hand Cart |
| 25:02 | Create | Villager (Male) |
| 25:03 | Create | Villager (Male) |
| 25:03 | Create | Villager (Male) |
| 25:04 | Create | Villager (Male) |
| 25:04 | Create | Villager (Male) |
| 25:04 | Create | Villager (Male) |
| 25:05 | Create | Villager (Male) |
| 25:05 | Create | Villager (Male) |
| 25:05 | Create | Villager (Male) |
| 25:20 | Build | Farm |
| 25:25 | Research | Stone Mining |
| 25:25 | Research | Gold Shaft Mining |
| 25:44 | Research | Crossbowman (upgrade) |
| 25:49 | Create | Villager (Male) |
| 25:50 | Create | Villager (Male) |
| 26:28 | Create | Villager (Male) |
| 26:29 | Create | Villager (Male) |
| 26:30 | Create | Villager (Male) |
| 26:30 | Create | Villager (Male) |
| 26:31 | Create | Villager (Male) |
| 26:32 | Create | Villager (Male) |
| 26:35 | Create | Archer |
| 26:35 | Create | Archer |
| 26:36 | Create | Archer |
| 26:37 | Create | Archer |
| 26:50 | Build | Archery Range |
| 27:01 | Build | Archery Range |
| 27:19 | Build | University |
| 27:26 | Build | Mining Camp |
| 27:29 | Create | Villager (Male) |
Build order — DON
First 150 of 318 actions detected
| 0:00 | Create | Villager (Male) |
| 0:00 | Create | Villager (Male) |
| 0:02 | Build | House |
| 0:03 | Build | House |
| 0:35 | Create | Villager (Male) |
| 0:36 | Create | Villager (Male) |
| 1:45 | Create | Villager (Male) |
| 2:10 | Create | Villager (Male) |
| 2:10 | Create | Villager (Male) |
| 2:41 | Create | Villager (Male) |
| 2:41 | Create | Villager (Male) |
| 2:41 | Create | Villager (Male) |
| 3:13 | Create | Villager (Male) |
| 3:18 | Build | Lumber Camp |
| 3:49 | Create | Villager (Male) |
| 3:49 | Create | Villager (Male) |
| 3:49 | Create | Villager (Male) |
| 4:05 | Build | House |
| 4:18 | Create | Villager (Male) |
| 5:00 | Create | Villager (Male) |
| 5:36 | Create | Villager (Male) |
| 5:42 | Build | Mill |
| 5:55 | Create | Villager (Male) |
| 6:08 | Build | House |
| 6:28 | Create | Villager (Male) |
| 6:56 | Create | Villager (Male) |
| 7:21 | Build | Mill |
| 7:25 | Create | Villager (Male) |
| 7:52 | Research | Feudal Age |
| 7:53 | Research | Loom |
| 8:26 | Build | Mining Camp |
| 9:00 | Build | Lumber Camp |
| 9:10 | Build | House |
| 10:13 | Build | Pasture |
| 10:16 | Age | Feudal Age |
| 10:19 | Research | Tech 1014 |
| 10:22 | Research | Double-Bit Axe |
| 10:23 | Create | Villager (Male) |
| 10:41 | Create | Villager (Male) |
| 10:57 | Build | Market |
| 11:02 | Create | Villager (Male) |
| 11:15 | Build | Pasture |
| 11:46 | Build | Pasture |
| 11:50 | Create | Villager (Male) |
| 12:19 | Build | Blacksmith |
| 12:29 | Create | Villager (Male) |
| 12:38 | Build | Pasture |
| 12:59 | Create | Villager (Male) |
| 13:14 | Build | Pasture |
| 13:19 | Create | Villager (Male) |
| 13:45 | Create | Villager (Male) |
| 14:15 | Build | House |
| 14:35 | Research | Castle Age |
| 14:47 | Build | Mining Camp |
| 15:04 | Research | Scale Mail Armor |
| 15:14 | Build | Pasture |
| 15:24 | Research | Gold Mining |
| 15:38 | Research | Stone Mining |
| 16:00 | Build | House |
| 16:09 | Build | Barracks |
| 16:17 | Build | House |
| 17:15 | Age | Castle Age |
| 17:17 | Create | Villager (Male) |
| 17:18 | Create | Villager (Male) |
| 17:24 | Research | Chain Mail Armor |
| 17:25 | Research | Forging |
| 18:20 | Build | Castle |
| 18:26 | Create | Villager (Male) |
| 19:12 | Build | Siege Workshop |
| 19:27 | Create | Unit 1920 |
| 19:27 | Create | Unit 1920 |
| 19:33 | Create | Villager (Male) |
| 20:06 | Build | Mining Camp |
| 20:13 | Create | Unit 1920 |
| 20:14 | Create | Unit 1920 |
| 20:21 | Create | Villager (Male) |
| 20:21 | Create | Villager (Male) |
| 20:32 | Create | Villager (Male) |
| 20:49 | Create | Battering Ram |
| 20:55 | Create | Unit 1920 |
| 20:55 | Create | Unit 1920 |
| 20:58 | Create | Villager (Male) |
| 21:14 | Create | Villager (Male) |
| 21:38 | Create | Petard |
| 21:44 | Create | Unit 1920 |
| 21:44 | Create | Unit 1920 |
| 22:18 | Create | Villager (Male) |
| 22:18 | Create | Villager (Male) |
| 24:24 | Create | Unit 1920 |
| 24:24 | Create | Unit 1920 |
| 24:33 | Create | Unit 1920 ×5 |
| 24:42 | Build | Castle |
| 25:07 | Create | Unit 1920 |
| 25:07 | Create | Unit 1920 |
| 25:50 | Build | Monastery |
| 25:53 | Create | Villager (Male) |
| 25:54 | Create | Villager (Male) |
| 26:18 | Build | Siege Workshop |
| 26:26 | Create | Villager (Male) |
| 26:26 | Create | Villager (Male) |
| 26:26 | Create | Villager (Male) |
| 26:33 | Build | Town Center |
| 26:41 | Create | Monk |
| 26:50 | Build | Mill |
| 26:54 | Create | Unit 1920 ×3 |
| 27:04 | Create | Villager (Male) |
| 27:05 | Create | Villager (Male) |
| 27:18 | Research | Bow Saw |
| 27:29 | Create | Villager (Male) |
| 27:29 | Create | Villager (Male) |
| 27:32 | Create | Villager (Male) |
| 27:32 | Create | Villager (Male) |
| 27:49 | Create | Villager (Male) |
| 27:49 | Create | Villager (Male) |
| 27:56 | Create | Villager (Male) |
| 28:03 | Create | Unit 1920 |
| 28:03 | Create | Unit 1920 |
| 28:08 | Create | Petard |
| 28:30 | Create | Villager (Male) |
| 28:30 | Create | Villager (Male) |
| 28:30 | Create | Villager (Male) |
| 28:41 | Create | Battering Ram |
| 28:52 | Create | Villager (Male) |
| 28:59 | Create | Battering Ram |
| 29:17 | Create | Villager (Male) |
| 29:17 | Create | Villager (Male) |
| 29:27 | Create | Unit 1920 |
| 29:27 | Create | Unit 1920 |
| 29:42 | Create | Battering Ram |
| 29:54 | Create | Battering Ram |
| 30:42 | Create | Unit 1920 |
| 30:42 | Create | Unit 1920 |
| 31:08 | Create | Unit 1920 |
| 32:20 | Create | Villager (Male) |
| 32:21 | Create | Villager (Male) |
| 32:21 | Create | Villager (Male) |
| 32:51 | Research | Wheelbarrow |
| 33:15 | Build | Town Center |
| 33:27 | Research | Imperial Age |
| 33:32 | Build | Pasture |
| 33:32 | Build | Pasture |
| 33:32 | Build | Pasture |
| 33:33 | Build | Pasture |
| 33:33 | Build | Pasture |
| 33:33 | Build | Pasture |
| 33:33 | Build | Pasture |
| 34:05 | Build | House |
| 34:05 | Build | House |
| 34:05 | Build | House |
| 34:05 | Build | House |
Build order — nesliq9028
First 150 of 167 actions detected
| 0:02 | Create | Villager (Male) |
| 0:02 | Create | Villager (Male) |
| 0:02 | Create | Villager (Male) |
| 0:04 | Build | House |
| 0:06 | Build | House |
| 0:10 | Create | Villager (Male) |
| 0:11 | Create | Villager (Male) |
| 0:11 | Create | Villager (Male) |
| 0:45 | Research | Loom |
| 1:46 | Create | Villager (Male) |
| 1:46 | Create | Villager (Male) |
| 1:47 | Create | Villager (Male) |
| 2:33 | Create | Villager (Male) |
| 2:33 | Create | Villager (Male) |
| 2:34 | Create | Villager (Male) |
| 2:40 | Build | House |
| 4:00 | Create | Villager (Male) |
| 4:00 | Create | Villager (Male) |
| 4:05 | Create | Villager (Male) |
| 4:22 | Build | Lumber Camp |
| 4:48 | Create | Villager (Male) |
| 5:10 | Build | House |
| 5:43 | Create | Villager (Male) |
| 6:01 | Create | Villager (Male) |
| 6:18 | Build | Mill |
| 6:34 | Create | Villager (Male) |
| 7:07 | Create | Villager (Male) |
| 7:26 | Build | Farm |
| 7:30 | Create | Villager (Male) |
| 7:30 | Create | Villager (Male) |
| 7:47 | Build | Farm |
| 7:52 | Build | Farm |
| 7:57 | Build | Farm |
| 8:27 | Create | Villager (Male) |
| 8:47 | Build | Mining Camp |
| 9:13 | Research | Feudal Age |
| 10:40 | Build | House |
| 10:49 | Build | Barracks |
| 11:18 | Create | Villager (Male) |
| 11:19 | Create | Villager (Male) |
| 11:19 | Create | Villager (Male) |
| 11:20 | Create | Villager (Male) |
| 11:20 | Create | Villager (Male) |
| 11:25 | Research | Double-Bit Axe |
| 11:25 | Research | Double-Bit Axe |
| 11:55 | Build | House |
| 12:22 | Build | Blacksmith |
| 13:18 | Create | Villager (Male) |
| 13:18 | Create | Villager (Male) |
| 13:20 | Research | Wheelbarrow |
| 13:24 | Create | Villager (Male) |
| 13:24 | Create | Villager (Male) |
| 13:25 | Create | Villager (Male) |
| 13:39 | Build | Farm |
| 13:43 | Build | Farm |
| 13:46 | Build | Farm |
| 13:46 | Build | Farm |
| 13:49 | Build | Farm |
| 13:54 | Build | Farm |
| 14:40 | Build | Stable |
| 14:56 | Create | Villager (Male) |
| 15:40 | Create | Villager (Male) |
| 16:07 | Build | Market |
| 16:38 | Research | Castle Age |
| 17:34 | Build | Mining Camp |
| 17:40 | Create | Villager (Male) |
| 17:40 | Create | Villager (Male) |
| 17:41 | Create | Villager (Male) |
| 17:42 | Create | Villager (Male) |
| 18:00 | Build | Farm |
| 18:00 | Build | Farm |
| 18:01 | Build | Farm |
| 18:02 | Build | Farm |
| 18:23 | Create | Spearman |
| 18:23 | Create | Spearman |
| 18:24 | Create | Militia |
| 18:24 | Create | Militia |
| 19:46 | Build | Siege Workshop |
| 20:09 | Build | House |
| 20:11 | Build | House |
| 20:53 | Build | Castle |
| 21:09 | Build | Monastery |
| 21:41 | Create | Mangonel |
| 21:42 | Create | Scorpion |
| 22:09 | Create | Camel Scout |
| 22:09 | Create | Camel Scout |
| 22:09 | Create | Camel Scout |
| 22:20 | Build | House |
| 22:22 | Build | House |
| 22:24 | Build | House |
| 23:16 | Create | Janissary |
| 23:16 | Create | Janissary |
| 23:16 | Create | Janissary |
| 23:17 | Create | Janissary |
| 24:51 | Build | Stone Wall |
| 25:41 | Build | Stone Wall |
| 26:23 | Create | Mangonel |
| 26:23 | Create | Mangonel |
| 26:24 | Create | Mangonel |
| 26:59 | Create | Villager (Male) |
| 27:40 | Build | Stone Wall |
| 27:47 | Research | Imperial Age |
| 27:55 | Build | Stone Wall |
| 28:07 | Create | Janissary |
| 28:08 | Create | Janissary |
| 28:08 | Create | Janissary |
| 28:32 | Build | Watch Tower |
| 28:37 | Create | Janissary |
| 28:38 | Create | Janissary |
| 28:38 | Create | Janissary |
| 28:55 | Build | Stone Wall |
| 29:47 | Create | Monk |
| 31:04 | Create | Bombard Cannon |
| 31:05 | Create | Bombard Cannon |
| 31:05 | Create | Bombard Cannon |
| 31:43 | Build | Stone Wall |
| 32:25 | Create | Bombard Cannon |
| 34:09 | Create | Villager (Male) |
| 34:10 | Create | Villager (Male) |
| 34:10 | Create | Villager (Male) |
| 34:10 | Create | Villager (Male) |
| 34:11 | Create | Villager (Male) |
| 35:04 | Build | Stone Wall |
| 35:10 | Create | Janissary |
| 35:11 | Create | Janissary |
| 35:22 | Build | Mining Camp |
| 35:45 | Build | Stone Wall |
| 36:16 | Create | Bombard Cannon |
| 36:16 | Create | Bombard Cannon |
| 36:16 | Create | Bombard Cannon |
| 36:43 | Create | Villager (Male) |
| 36:43 | Create | Villager (Male) |
| 36:43 | Create | Villager (Male) |
| 37:29 | Create | Trebuchet (Packed) |
| 37:40 | Create | Bombard Cannon |
| 37:40 | Create | Bombard Cannon |
| 38:34 | Create | Janissary |
| 38:35 | Create | Trebuchet (Packed) |
| 38:36 | Create | Trebuchet (Packed) |
| 38:56 | Build | Farm |
| 40:00 | Create | Bombard Cannon |
| 40:00 | Create | Bombard Cannon |
| 40:00 | Create | Bombard Cannon |
| 40:05 | Create | Janissary |
| 40:06 | Create | Janissary |
| 41:16 | Create | Trebuchet (Packed) |
| 41:38 | Create | Trebuchet (Packed) |
| 41:40 | Create | Bombard Cannon |
| 41:40 | Create | Bombard Cannon |
| 41:41 | Create | Bombard Cannon |
Match timeline
| 6:56 | Fatal Error · first_building Barracks |
| 10:03 | !*BlitzKrieg*! · age_up feudal |
| 10:16 | DON · age_up feudal |
| 10:49 | nesliq9028 · first_building Barracks |
| 14:11 | Fatal Error · age_up feudal |
| 14:40 | nesliq9028 · first_building Stable |
| 15:50 | !*BlitzKrieg*! · age_up castle |
| 16:08 | !*BlitzKrieg*! · first_market_buy 100 wood |
| 16:09 | DON · first_building Barracks |
| 16:10 | Fatal Error · first_building Archery Range |
| 17:15 | DON · age_up castle |
| 17:57 | Fatal Error · first_building Stable |
| 18:17 | Fatal Error · wall_segment Stone Wall x1 |
| 18:20 | DON · first_building Castle |
| 19:12 | DON · first_building Siege Workshop |
| 19:40 | !*BlitzKrieg*! · first_building Castle |
| 19:46 | nesliq9028 · first_building Siege Workshop |
| 20:29 | DON · first_market_buy 100 wood |
| 20:53 | nesliq9028 · first_building Castle |
| 21:09 | nesliq9028 · first_building Monastery |
| 22:16 | Fatal Error · age_up castle |
| 23:03 | Fatal Error · first_market_buy 100 stone |
| 24:51 | nesliq9028 · wall_segment Stone Wall x1 |
| 25:41 | nesliq9028 · wall_segment Stone Wall x11 |
| 25:50 | DON · first_building Monastery |
| 26:38 | nesliq9028 · first_market_sell 100 stone |
| 27:14 | DON · first_market_sell 100 food |
| 27:40 | nesliq9028 · wall_segment Stone Wall x3 |
| 27:55 | nesliq9028 · wall_segment Stone Wall x1 |
| 28:40 | !*BlitzKrieg*! · first_building Barracks |
| 28:55 | nesliq9028 · wall_segment Stone Wall x5 |
| 30:15 | !*BlitzKrieg*! · first_building Stable |
| 30:58 | nesliq9028 · first_market_buy 100 wood |
| 31:43 | nesliq9028 · wall_segment Stone Wall x3 |
| 34:22 | DON · first_building Archery Range |
| 34:44 | Fatal Error · first_building Castle |
| 35:04 | nesliq9028 · wall_segment Stone Wall x1 |
| 35:45 | nesliq9028 · wall_segment Stone Wall x1 |
| 36:37 | DON · age_up imperial |
| 36:38 | !*BlitzKrieg*! · tribute_sent a jugador 2 |
| 36:38 | !*BlitzKrieg*! · tribute_sent a jugador 3 |
| 36:38 | !*BlitzKrieg*! · tribute_sent a jugador 4 |
| 36:46 | !*BlitzKrieg*! · age_up imperial |
| 39:48 | Fatal Error · age_up imperial |
| 40:05 | !*BlitzKrieg*! · first_building Siege Workshop |
| 44:41 | !*BlitzKrieg*! · first_building Monastery |
| 44:56 | !*BlitzKrieg*! · first_market_sell 100 wood |
| 46:15 | Fatal Error · wall_segment Stone Wall x1 |
| 46:49 | nesliq9028 · tribute_sent a jugador 1 |
| 46:49 | nesliq9028 · tribute_sent a jugador 2 |
| 46:49 | nesliq9028 · tribute_sent a jugador 3 |
| 49:24 | Fatal Error · resign |
[ AI ANALYSIS · 1 CREDIT ]
What really happened in this match?
Wolo.gg analyzes every decision: build order, eco, micro, common mistakes by bracket. Personalized analysis on WhatsApp or Discord in 30 seconds.
Civ guide
Spanish
Map guide
Arena
Perfil
!*BlitzKrieg*!